| TOP OF THE 1ST |
|
Mississippi State University Bulldogs batting - Pitching for Coastal Carolina University Chanticleers : RHP Pedro Magdaleno
|
|
Pitching: RHP Matt Schnurer
|
|
|
Batting: RHB Freddie Kite
|
0-0: Called Strike 0-1: Ground out U3 (Groundball, 3S, EV 70.6 MPH)
|
|
Batting: RHB Cody Ammann
|
0-0: TRIPLE (Flyball, 89XD, EV 96.9 MPH)
|
|
Batting: RHB Benito Gonzales
|
0-0: Ball 1-0: Foul Ball, location: 2F 1-1: Ball 2-1: Swinging Strike 2-2: Ball 3-2: Foul Ball, location: 2F 3-2: DOUBLE (Flyball, 78XD, EV 108.8 MPH) Cody Ammann scores
|
|
Batting: RHB Josh Stene
|
0-0: Ball 1-0: Swinging Strike 1-1: Swinging Strike 1-2: Ball 2-2: Foul Ball, location: 2F 2-2: Strikes out swinging
|
|
Batting: RHB Josh Simmons
|
0-0: Called Strike 0-1: Called Strike Benito Gonzales is caught stealing 3rd base 2-5
|
| Top of the 1st over - 1 run, 2 hits, 0 errors, 0 left on base; Mississippi State University 1 - Coastal Carolina University 0 |
| BOTTOM OF THE 1ST |
|
Coastal Carolina University Chanticleers batting - Pitching for Mississippi State University Bulldogs : RHP Leo Rivera
|
|
Pitching: RHP Leo Rivera
|
|
|
Batting: RHB Tatsunori Ishigaki
|
0-0: Swinging Strike 0-1: Swinging Strike 0-2: SINGLE (Groundball, 34, EV 101.9 MPH)
|
|
Batting: RHB Alex Montiel
|
0-0: Ball 1-0: Swinging Strike 1-1: Foul Ball, location: 2F 1-2: Ball 2-2: SINGLE (Line Drive, 34, EV 100.6 MPH) Tatsunori Ishigaki to second
|
|
Batting: LHB Orlando Hurtado
|
0-0: Called Strike Tatsunori Ishigaki is caught stealing 3rd base 2-5 Alex Montiel to second 0-1: Ball 1-1: Ball 2-1: Ball 3-1: Swinging Strike 3-2: Base on Balls
|
|
Batting: RHB Tristan Walsh
|
0-0: Called Strike 0-1: Reached on error, E6 (Groundball, 6, EV 104.4 MPH) Alex Montiel to third Orlando Hurtado to second
|
|
Batting: RHB Dennis Bennett
|
0-0: Reached on error, E5 (Groundball, 5L, EV 83.8 MPH) Alex Montiel scores Orlando Hurtado to third Tristan Walsh to second
|
|
Batting: RHB Mark Tart
|
0-0: Fly out, F8 (Line Drive, 8LD, EV 91.9 MPH) Runner from 3rd tags up, SCORES, throw by CF Tristan Walsh to third
|
|
Batting: RHB Chris McDaniel
|
0-0: Ball 1-0: SINGLE (Groundball, 56D, EV 100.0 MPH) Tristan Walsh scores Dennis Bennett to second
|
|
Batting: RHB Rene Napoles
|
0-0: SINGLE (Groundball, 3D, EV 106.9 MPH) Dennis Bennett to third Chris McDaniel to second Runner from 3rd tries for Home, SAFE, throw by RF to home
|
|
Batting: RHB Gabe Bravo
|
0-0: Called Strike 0-1: Called Strike 0-2: Ball 1-2: Strikes out looking
|
| Bottom of the 1st over - 4 runs, 4 hits, 2 errors, 2 left on base; Mississippi State University 1 - Coastal Carolina University 4 |
| TOP OF THE 2ND |
|
Mississippi State University Bulldogs batting - Pitching for Coastal Carolina University Chanticleers : RHP Matt Schnurer
|
|
Batting: RHB Josh Simmons
|
0-0: Called Strike 0-1: Ball 1-1: Foul Ball, location: 2F 1-2: Strikes out swinging
|
|
Batting: RHB Alvin Abarca
|
0-0: Ball 1-0: TRIPLE (Flyball, 78XD, EV 106.2 MPH)
|
|
Batting: LHB Ricardo Ramos
|
0-0: Swinging Strike 0-1: Called Strike 0-2: Ball 1-2: Foul Ball, location: 2F 1-2: Foul Ball, location: 2F 1-2: Ball 2-2: Ground out U3 (Groundball, 3L, EV 103.1 MPH)
|
|
Batting: RHB Karl Lukasiewicz
|
0-0: Called Strike 0-1: Fly out, F7 (Flyball, 78D, EV 92.5 MPH)
|
| Top of the 2nd over - 0 runs, 1 hit, 0 errors, 1 left on base; Mississippi State University 1 - Coastal Carolina University 4 |
| BOTTOM OF THE 2ND |
|
Coastal Carolina University Chanticleers batting - Pitching for Mississippi State University Bulldogs : RHP Leo Rivera
|
|
Batting: RHB Tatsunori Ishigaki
|
0-0: Called Strike 0-1: Ball 1-1: Fly out, F9 (Flyball, 9LS, EV 90.6 MPH)
|
|
Batting: RHB Alex Montiel
|
0-0: Ball 1-0: Ball 2-0: Called Strike 2-1: Ball 3-1: Base on Balls
|
|
Batting: LHB Orlando Hurtado
|
0-0: Called Strike Alex Montiel is caught stealing 2nd base 2-6 0-1: Ball 1-1: Swinging Strike 1-2: Reached on error, E8 (Flyball, 78XD, EV 97.5 MPH)
|
|
Batting: RHB Tristan Walsh
|
0-0: Swinging Strike 0-1: Called Strike 0-2: Strikes out looking
|
| Bottom of the 2nd over - 0 runs, 0 hits, 1 error, 1 left on base; Mississippi State University 1 - Coastal Carolina University 4 |
| TOP OF THE 3RD |
|
Mississippi State University Bulldogs batting - Pitching for Coastal Carolina University Chanticleers : RHP Matt Schnurer
|
|
Pitching: RHP Jim Eisinger
|
|
|
Batting: RHB Jun Qing
|
0-0: Called Strike 0-1: Foul Ball, location: 2F 0-2: SINGLE (Groundball, 6D, EV 105.0 MPH)
|
|
Batting: RHB Freddie Kite
|
0-0: Ball 1-0: Fly out, F7 (Flyball, 7S, EV 91.2 MPH)
|
|
Batting: RHB Cody Ammann
|
0-0: Ball Jun Qing steals 2nd, throwing error, E2 Jun Qing to third 1-0: Swinging Strike 1-1: Swinging Strike 1-2: Foul Ball, location: 2F 1-2: Foul Ball, location: 2F 1-2: Foul Ball, location: 2F 1-2: Ball 2-2: Foul Ball, location: 2F 2-2: Strikes out swinging
|
|
Batting: RHB Benito Gonzales
|
0-0: Ball 1-0: Ball 2-0: Ball 3-0: Called Strike 3-1: Swinging Strike 3-2: Base on Balls
|
|
Batting: RHB Josh Stene
|
0-0: Called Strike 0-1: SINGLE (Groundball, 25, EV 69.4 MPH) (infield hit) Jun Qing scores Benito Gonzales to second
|
|
Batting: RHB Josh Simmons
|
0-0: Foul Ball, location: 2F 0-1: Ball 1-1: Swinging Strike 1-2: Fielders Choice at 2nd, U6 (Groundball, 6M, EV 102.5 MPH)
|
| Top of the 3rd over - 1 run, 2 hits, 1 error, 2 left on base; Mississippi State University 2 - Coastal Carolina University 4 |
| BOTTOM OF THE 3RD |
|
Coastal Carolina University Chanticleers batting - Pitching for Mississippi State University Bulldogs : RHP Leo Rivera
|
|
Batting: RHB Dennis Bennett
|
0-0: Swinging Strike 0-1: Foul Ball, location: 2F 0-2: Ball 1-2: Foul Ball, location: 2F 1-2: Strikes out looking
|
|
Batting: RHB Mark Tart
|
0-0: Ball 1-0: Ball 2-0: Fly out, F8 (Line Drive, 8RD, EV 93.1 MPH)
|
|
Batting: RHB Chris McDaniel
|
0-0: Called Strike 0-1: Called Strike 0-2: SINGLE (Popup, 6, EV 61.9 MPH)
|
|
Batting: RHB Rene Napoles
|
Pickoff Throw to First - Out! 1-3
|
| Bottom of the 3rd over - 0 runs, 1 hit, 0 errors, 0 left on base; Mississippi State University 2 - Coastal Carolina University 4 |
| TOP OF THE 4TH |
|
Mississippi State University Bulldogs batting - Pitching for Coastal Carolina University Chanticleers : RHP Jim Eisinger
|
|
Batting: RHB Alvin Abarca
|
0-0: Ball 1-0: Ball 2-0: Called Strike 2-1: Foul Ball, location: 2F 2-2: Ball 3-2: Foul Ball, location: 2F 3-2: Base on Balls
|
|
Batting: LHB Ricardo Ramos
|
0-0: Ball 1-0: Ball 2-0: Called Strike 2-1: Grounds into double play, 6-4-3 (Groundball, 6S, EV 80.0 MPH)
|
|
Batting: RHB Karl Lukasiewicz
|
0-0: Ball 1-0: Foul Ball, location: 2F 1-1: Called Strike 1-2: Strikes out swinging
|
| Top of the 4th over - 0 runs, 0 hits, 0 errors, 0 left on base; Mississippi State University 2 - Coastal Carolina University 4 |
| BOTTOM OF THE 4TH |
|
Coastal Carolina University Chanticleers batting - Pitching for Mississippi State University Bulldogs : RHP Leo Rivera
|
|
Batting: RHB Rene Napoles
|
0-0: Ball 1-0: Foul Ball, location: 2F 1-1: Bunt for hit to 13S - play at first, batter OUT! 1-3
|
|
Batting: RHB Gabe Bravo
|
0-0: DOUBLE (Line Drive, 78D, EV 106.9 MPH)
|
|
Batting: RHB Tatsunori Ishigaki
|
0-0: Foul Ball, location: 2F 0-1: SINGLE (Groundball, 6MD, EV 97.5 MPH) Gabe Bravo to third
|
|
Batting: RHB Alex Montiel
|
|
|
Pinch Hitting: SHB Iher Waithaka
|
0-0: Called Strike Tatsunori Ishigaki steals 2nd base 0-1: Ball 1-1: Called Strike 1-2: Strikes out swinging
|
|
Pinch Hitting: RHB Justin Klein
|
0-0: Ball 1-0: Called Strike 1-1: Ground out 6-3 (Groundball, 6, EV 105.0 MPH)
|
| Bottom of the 4th over - 0 runs, 2 hits, 0 errors, 2 left on base; Mississippi State University 2 - Coastal Carolina University 4 |
| TOP OF THE 5TH |
|
Mississippi State University Bulldogs batting - Pitching for Coastal Carolina University Chanticleers : RHP Jim Eisinger
|
|
Pitching: RHP Dennis Margolis
|
|
|
Now at C: Jeremy Stockwell
|
|
|
Now at 1B: Justin Klein
|
|
|
Now in CF: Justin Sanders
|
|
|
Batting: RHB Jun Qing
|
0-0: Ball 1-0: Ground out U3 (Groundball, 3, EV 103.8 MPH)
|
|
Batting: RHB Freddie Kite
|
0-0: DOUBLE (Groundball, 5L, EV 106.2 MPH)
|
|
Pinch Hitting: RHB Masahito Sunada
|
0-0: Ground out 6-3 (Groundball, 6, EV 83.8 MPH)
|
|
Pinch Hitting: RHB Bill Petipas
|
0-0: Ball 1-0: Ball 2-0: Called Strike 2-1: Called Strike 2-2: Strikes out swinging
|
| Top of the 5th over - 0 runs, 1 hit, 0 errors, 1 left on base; Mississippi State University 2 - Coastal Carolina University 4 |
| BOTTOM OF THE 5TH |
|
Coastal Carolina University Chanticleers batting - Pitching for Mississippi State University Bulldogs : RHP Leo Rivera
|
|
Now at C: Chris Everett
|
|
|
Now at 1B: Bill Petipas
|
|
|
Now in LF: Masahito Sunada
|
|
|
Now in RF: Ricardo Ramos
|
|
|
Batting: RHB Tristan Walsh
|
0-0: Foul Ball, location: 2F 0-1: Called Strike 0-2: Ball 1-2: Ball 2-2: Ball 3-2: Fly out, F7 (Line Drive, 7, EV 85.0 MPH)
|
|
Batting: RHB Dennis Bennett
|
0-0: SINGLE (Groundball, 6, EV 105.0 MPH)
|
|
Batting: RHB Mark Tart
|
0-0: Called Strike 0-1: Foul Ball, location: 2F 0-2: Ball 1-2: Ball 2-2: DOUBLE (Flyball, 8LD, EV 105.0 MPH) Dennis Bennett to third Runner from 3rd tries for Home, SAFE, no throw by CF
|
|
Pitching: RHP Alex Palacios
|
|
|
Pinch Hitting: RHB Isaac Washington
|
0-0: Called Strike 0-1: Ball 1-1: 2-RUN HOME RUN (Flyball, 9LD, EV 95.0 MPH), Distance : 356 ft
|
|
Batting: RHB Rene Napoles
|
0-0: Ball 1-0: Called Strike 1-1: Called Strike 1-2: Ground out 5-3 (Groundball, 56S, EV 89.4 MPH)
|
|
Batting: LHB Justin Sanders
|
0-0: Foul Ball, location: 2F 0-1: Ball 1-1: Fly out, F8 (Flyball, 8RD, EV 100.6 MPH)
|
| Bottom of the 5th over - 3 runs, 3 hits, 0 errors, 0 left on base; Mississippi State University 2 - Coastal Carolina University 7 |
| TOP OF THE 6TH |
|
Mississippi State University Bulldogs batting - Pitching for Coastal Carolina University Chanticleers : RHP Dennis Margolis
|
|
Now at 2B: Ferri Casteleijn
|
|
|
Now in RF: Chris Marcellus
|
|
|
Pinch Hitting: RHB Logan Strassburg
|
0-0: Ball 1-0: Ball 2-0: Called Strike 2-1: Ball 3-1: Swinging Strike 3-2: Foul Ball, location: 2F 3-2: Foul Ball, location: 2F 3-2: Strikes out swinging
|
|
Batting: RHB Chris Everett
|
0-0: Ball 1-0: Ball 2-0: Called Strike 2-1: Ball 3-1: Called Strike 3-2: Strikes out swinging
|
|
Batting: RHB Alexis Gallegos
|
0-0: Ball 1-0: Called Strike 1-1: Called Strike 1-2: Strikes out swinging
|
| Top of the 6th over - 0 runs, 0 hits, 0 errors, 0 left on base; Mississippi State University 2 - Coastal Carolina University 7 |
| BOTTOM OF THE 6TH |
|
Coastal Carolina University Chanticleers batting - Pitching for Mississippi State University Bulldogs : RHP Alex Palacios
|
|
Now at 3B: Logan Strassburg
|
|
|
Batting: RHB Chris Marcellus
|
0-0: Called Strike 0-1: Ball 1-1: Ball 2-1: Foul Ball, location: 2F 2-2: Ball 3-2: Foul Ball, location: 2F 3-2: Foul Ball, location: 2F 3-2: Strikes out swinging
|
|
Batting: LHB Jeremy Stockwell
|
0-0: Called Strike 0-1: Foul Ball, location: 2F 0-2: Ball 1-2: Ball 2-2: Strikes out looking
|
|
Batting: RHB Justin Klein
|
0-0: Ball 1-0: Foul Ball, location: 2F 1-1: SINGLE (Flyball, 3D, EV 88.8 MPH)
|
|
Pitching: LHP Tony Herrera
|
|
|
Pinch Hitting: RHB Tristan Williams
|
0-0: Ball 1-0: Fly out, F9 (Line Drive, 89D, EV 98.1 MPH)
|
| Bottom of the 6th over - 0 runs, 1 hit, 0 errors, 1 left on base; Mississippi State University 2 - Coastal Carolina University 7 |
| TOP OF THE 7TH |
|
Mississippi State University Bulldogs batting - Pitching for Coastal Carolina University Chanticleers : RHP Dennis Margolis
|
|
Pitching: RHP Jeff Box
|
|
|
Now at 3B: Kevin Lech
|
|
|
Now in LF: Milo Karadzic
|
|
|
Pinch Hitting: LHB Vinnie Kalman
|
0-0: Foul Ball, location: 2F 0-1: Ball 1-1: Swinging Strike 1-2: Foul Ball, location: 2F 1-2: Ball 2-2: DOUBLE (Line Drive, 9LD, EV 103.8 MPH)
|
|
Pinch Hitting: LHB Danny Shanahan
|
0-0: Foul Ball, location: 2F 0-1: DOUBLE (Line Drive, 9LM, EV 111.9 MPH) Vinnie Kalman scores
|
|
Pinch Hitting: RHB Eric Riley
|
0-0: Ball 1-0: Ground out U3 (Groundball, 3, EV 101.9 MPH) Danny Shanahan to third
|
|
Batting: RHB Freddie Kite
|
0-0: Called Strike 0-1: Ball 1-1: Ball 2-1: DOUBLE (Line Drive, 8RD, EV 110.6 MPH) Danny Shanahan scores
|
|
Batting: RHB Masahito Sunada
|
0-0: Foul Ball, location: 2F 0-1: Ball 1-1: Swinging Strike 1-2: DOUBLE (Line Drive, 7LD, EV 105.0 MPH) Freddie Kite scores
|
|
Pitching: RHP Ricky Diaz
|
|
|
Batting: RHB Bill Petipas
|
0-0: Ball 1-0: Called Strike 1-1: Foul Ball, location: 2F 1-2: Ball 2-2: Strikes out swinging
|
|
Batting: RHB Logan Strassburg
|
0-0: Ball 1-0: Ball 2-0: Ball 3-0: Called Strike 3-1: Base on Balls
|
|
Batting: RHB Chris Everett
|
0-0: Ball 1-0: Called Strike 1-1: Foul Ball, location: 2F 1-2: Foul Ball, location: 2F 1-2: Strikes out swinging
|
| Top of the 7th over - 3 runs, 4 hits, 0 errors, 2 left on base; Mississippi State University 5 - Coastal Carolina University 7 |
| BOTTOM OF THE 7TH |
|
Coastal Carolina University Chanticleers batting - Pitching for Mississippi State University Bulldogs : LHP Tony Herrera
|
|
Now at 2B: Eric Riley
|
|
|
Now in CF: Danny Shanahan
|
|
|
Now in RF: Vinnie Kalman
|
|
|
Batting: LHB Milo Karadzic
|
0-0: Ball 1-0: Ball 2-0: Foul Ball, location: 2F 2-1: Called Strike 2-2: Strikes out swinging
|
|
Batting: RHB Mike Grogan
|
0-0: Swinging Strike 0-1: Ball 1-1: Called Strike 1-2: Strikes out looking
|
|
Batting: RHB Ferri Casteleijn
|
0-0: Ground out 6-3 (Groundball, 6, EV 81.2 MPH)
|
| Bottom of the 7th over - 0 runs, 0 hits, 0 errors, 0 left on base; Mississippi State University 5 - Coastal Carolina University 7 |
| TOP OF THE 8TH |
|
Mississippi State University Bulldogs batting - Pitching for Coastal Carolina University Chanticleers : RHP Ricky Diaz
|
|
Pitching: LHP Rich Holliday
|
|
|
Batting: RHB Alexis Gallegos
|
0-0: Ground out 5-3 (Groundball, 56, EV 84.4 MPH)
|
|
Batting: LHB Vinnie Kalman
|
0-0: Ball 1-0: Ground out 4-3 (Groundball, 4, EV 103.1 MPH)
|
|
Batting: LHB Danny Shanahan
|
0-0: SOLO HOME RUN (Flyball, 9LD, EV 95.6 MPH), Distance : 363 ft
|
|
Batting: RHB Eric Riley
|
0-0: Ball 1-0: Ball 2-0: Called Strike 2-1: Ball 3-1: Swinging Strike 3-2: Base on Balls
|
|
Batting: RHB Freddie Kite
|
0-0: Ball 1-0: Ball 2-0: Ball 3-0: Base on Balls Eric Riley to second
|
|
Pinch Hitting: LHB Tom Ploughman
|
0-0: Ball 1-0: Swinging Strike 1-1: Swinging Strike 1-2: Strikes out swinging
|
| Top of the 8th over - 1 run, 1 hit, 0 errors, 2 left on base; Mississippi State University 6 - Coastal Carolina University 7 |
| BOTTOM OF THE 8TH |
|
Coastal Carolina University Chanticleers batting - Pitching for Mississippi State University Bulldogs : LHP Tony Herrera
|
|
Now in LF: Danny Shanahan
|
|
|
Now in CF: Tom Ploughman
|
|
|
Batting: RHB Rene Napoles
|
0-0: Foul Ball, location: 2F 0-1: Hit by Pitch
|
|
Batting: LHB Justin Sanders
|
0-0: Bunt missed! 0-1: Called Strike Rene Napoles steals 2nd base 0-2: Foul Ball, location: 2F 0-2: Ball 1-2: Foul Ball, location: 2F 1-2: Strikes out swinging
|
|
Batting: RHB Chris Marcellus
|
0-0: Called Strike 0-1: Ball 1-1: Ball 2-1: Ground out 4-3 (Groundball, 4, EV 81.9 MPH) Rene Napoles to third
|
|
Pinch Hitting: RHB Johnnie Cowan
|
0-0: Ball 1-0: Ball 2-0: Foul Ball, location: 2F 2-1: Ground out 6-3 (Groundball, 6, EV 85.6 MPH)
|
| Bottom of the 8th over - 0 runs, 0 hits, 0 errors, 1 left on base; Mississippi State University 6 - Coastal Carolina University 7 |
| TOP OF THE 9TH |
|
Mississippi State University Bulldogs batting - Pitching for Coastal Carolina University Chanticleers : LHP Rich Holliday
|
|
Pitching: RHP Tetsuaki Nakamura
|
|
|
Now at C: Fernando Tovar
|
|
|
Pinch Hitting: RHB Benjamin Alderdice
|
0-0: Called Strike 0-1: Ball 1-1: Foul Ball, location: 2F 1-2: Foul Ball, location: 2F 1-2: Strikes out swinging
|
|
Batting: RHB Logan Strassburg
|
0-0: Ball 1-0: Swinging Strike 1-1: Foul Ball, location: 2F 1-2: Strikes out swinging
|
|
Pinch Hitting: RHB Oscar Vargas
|
0-0: Ball 1-0: Ball 2-0: Ball 3-0: Base on Balls
|
|
Batting: RHB Jesse Hodges
|
0-0: Foul Ball, location: 2F 0-1: Foul Ball, location: 2F 0-2: Ball 1-2: Fielders Choice at 2nd, 6-4 (Groundball, 6, EV 88.1 MPH)
|
| Top of the 9th over - 0 runs, 0 hits, 0 errors, 1 left on base; Mississippi State University 6 - Coastal Carolina University 7 |
|